Wild vs Stars

Created - March 16, 2015 at 17:47

Goals
1 2 3 T
Wild 2 0 3 5
Stars 0 2 2 4
Shots
1 2 3 T
Wild 13 6 9 28
Stars 12 20 12 44

1st period

1. Wild , Dennis Wideman 12 (Michael Ryder) at 3:31 (PP)
2. Wild , Dennis Wideman 13 (Adam Hall, Olli Maatta) at 6:29 (PP)

Penalties :
David Backes (DAL) for Hooking (Minor) at 2:29, David Backes (DAL) for Diving (Minor) at 4:54, Chris Conner (MIN) for Interference (Minor) at 8:32, David Backes (DAL) for Roughing (Minor) at 13:36, Dennis Wideman (MIN) for Tripping (Minor) at 16:22

2nd period

3. Stars , Jason Spezza 21 (Eric Staal, Alec Martinez) at 4:54
4. Stars , Jason Spezza 22 (Travis Hamonic, Semyon Varlamov) at 13:53

Penalties :
Brenden Dillon (DAL) for Holding Stick (Minor) at 2:11, Fedor Tyutin (MIN) for Hooking (Minor) at 9:38, David Backes (DAL) for Hooking (Minor) at 16:25, Zdeno Chara (DAL) for Interference (Minor) at 19:35

3rd period

5. Stars , David Backes 25 (Brandon Dubinsky, Shea Weber) at 5:53
6. Wild , Daniel Alfredsson 23 (Dennis Wideman, Mark Streit) at 10:16
7. Wild , Michael Ryder 12 (Daniel Alfredsson, Mark Streit) at 14:22
8. Wild , Daniel Alfredsson 24 (Mikko Koivu, Mark Streit) at 14:33
9. Stars , Jason Spezza 23 (Shea Weber) at 17:39

Penalties :
Gabriel Landeskog (DAL) for Hooking (Minor) at 2:07, Gabriel Landeskog (DAL) for Tripping (Minor) at 9:34, Michael Stone (MIN) for Interference (Minor) at 9:34, Michael Stone (MIN) for Hooking (Minor) at 14:47

Goalie Stats

Josh Harding (MIN), 40 saves from 44 shots - (0.909), W, 20-33-3, 60:00 minutes
Semyon Varlamov (DAL), 23 saves from 28 shots - (0.821), L, 31-19-6, 58:15 minutes

Players Stats for Wild

Player Name              G  A  P  +/- PIM S  H  SB GA TA FO     MP     PP MP  PK MP  
------------------------------------------------------------------------------------
Adam Hall                0  1  1  -1  0   0  0  0  0  0  15/29  22:27   5:53   3:47 
Chris Conner             0  0  0  -2  2   2  1  2  0  0  0/1    12:01   0:00   2:18 
Chris Phillips           0  0  0  -1  0   0  1  2  0  0  0/0    15:27   0:24   3:24 
Daniel Alfredsson        2  1  3   2  0   2  3  0  0  0  0/2    22:51   6:31   0:00 
Dennis Wideman           2  1  3  -2  2   3  0  1  0  0  0/0    21:55   5:10   0:00 
Erik Cole                0  0  0  -2  0   1  0  1  0  0  1/2    13:53   0:00   4:09 
Fedor Tyutin             0  0  0  -1  2   1  2  5  0  0  0/0    18:00   3:31   2:59 
Jesse Winchester         0  0  0   0  0   0  1  0  0  0  1/4     4:17   0:08   4:09 
Marian Gaborik           0  0  0  -1  0   5  0  0  0  0  0/3    22:06   6:31   0:00 
Mark Streit              0  3  3   3  0   0  0  1  0  0  0/0    24:49   6:58   4:32 
Michael Ryder            1  1  2   1  0   5  1  1  0  0  0/2    20:25   6:01   1:08 
Michael Stone            0  0  0   0  4   3  4  2  0  0  0/0    22:46   6:50   1:23 
Mikko Koivu              0  1  1   1  0   3  0  0  0  0  13/27  23:07   6:31   0:00 
Milan Michalek           0  0  0  -1  0   1  3  0  0  0  1/3    18:16   6:01   0:21 
Olli Maatta              0  1  1  -1  0   1  0  2  0  0  0/0    12:29   2:11   0:00 
Pierre-Marc Bouchard     0  0  0  -1  0   1  2  0  0  0  10/17  10:41   0:00   0:00 
Rob Scuderi              0  0  0   0  0   0  0  0  0  0  0/0     3:34   0:00   3:34 
Rostislav Klesla         0  0  0   0  0   0  0  0  0  0  0/0     0:56   0:00   0:00 

Players Stats for Stars

Player Name              G  A  P  +/- PIM S  H  SB GA TA FO     MP     PP MP  PK MP  
------------------------------------------------------------------------------------
Adam Pardy               0  0  0   0  0   1  0  0  0  0  0/0     2:59   0:00   0:00 
Alec Martinez            0  1  1   0  0   1  1  0  0  0  0/0    11:49   4:24   0:00 
Andy Greene              0  0  0   1  0   3  0  2  0  0  0/0    24:34   3:32   6:47 
Brandon Dubinsky         0  1  1   1  0   3  1  0  0  0  5/8    20:32   4:02   5:00 
Brenden Dillon           0  0  0   0  2   0  1  0  0  0  0/0     8:10   0:00   0:46 
Christopher Higgins      0  0  0   1  0   1  0  0  0  0  0/1    16:50   0:00   7:23 
David Backes             1  0  1   1  8   4  1  0  0  0  13/20  14:44   0:00   3:18 
Eric Staal               0  1  1   1  0   4  1  0  0  0  3/8    22:40   3:54   5:09 
Evgeni Malkin            0  0  0  -1  0   2  0  0  0  0  12/22  18:48   4:02   0:00 
Gabriel Landeskog        0  0  0   0  4   3  5  0  0  0  0/1    17:21   0:00   4:14 
Jarome Iginla            0  0  0   1  0   6  4  0  0  0  0/0    17:10   3:54   0:00 
Jarret Stoll             0  0  0   0  0   0  0  0  0  0  0/0     2:03   0:00   0:00 
Jason Spezza             3  0  3   1  0   5  0  0  0  0  16/28  16:27   3:54   0:00 
John Erskine             0  0  0   0  0   0  1  0  0  0  0/0     2:59   0:00   0:00 
Shea Weber               0  2  2   1  0   3  1  1  0  0  0/0    25:47   4:24   6:47 
Travis Hamonic           0  1  1   0  0   1  0  2  0  0  0/0    20:17   0:00   5:45 
Tyler Seguin             0  0  0  -1  0   3  0  0  0  0  0/2    18:48   4:02   0:00 
Zdeno Chara              0  0  0   0  2   4  3  2  0  0  0/0    23:23   3:32   4:59 

3 Stars

1 - Daniel Alfredsson (MIN)
2 - Jason Spezza (DAL)
3 - Mark Streit (MIN)

Power Play

Wild - 2 on 7 Attempt(s) - 28.57%
Stars - 0 on 4 Attempt(s) - 0.00%

Penalty Kill

Wild - 4 on 4 Attempt(s) - 100.00% - Score 0 goal in Penalty Kill
Stars - 5 on 7 Attempt(s) - 71.43% - Score 0 goal in Penalty Kill

Team Stat

Wild - Hits : 18 - Faceoff Wins : 41 - Blocked Shots : 17 - Penalty Minutes : 10
Stars - Hits : 19 - Faceoff Wins : 49 - Blocked Shots : 7 - Penalty Minutes : 16

Official

Referees : Greg Kimmerly and Tim Peel
Linesman : Mark Shewchyk and Mark Wheler

Game Notes

Olli Maatta is injured at 16:07 of 2nd period (Right Knee)
Jason Spezza has scored a Hat Trick!

Finance

Level 1 -- Attendance: 5703 (95.05%) -- Ticket Income $581,706
Level 2 -- Attendance: 4833 (96.66%) -- Ticket Income $362,475
Level 3 -- Attendance: 2000 (100.00%) -- Ticket Income $110,000
Level 4 -- Attendance: 2130 (47.00%) -- Ticket Income $95,850
Luxury Box -- Attendance: 1000 (100.00%) -- Ticket Income $200,000
Game was played at the American Airlines Center'
Total Attendance: 15666 (84.53%)
Total Ticket Income: $1,350,031
Other Income: $202,505
Total Income: $1,552,536

% Time on Ice - Wild

Lines # - Real PCT - Wanted PCT - Time Play
Normal Forward
1 - 35% - 45% - 12:47
2 - 32% - 44% - 11:54
3 - 27% - 7% - 9:44
4 - 6% - 4% - 2:15
Normal Defense
1 - 44% - 45% - 16:11
2 - 30% - 44% - 10:55
3 - 26% - 7% - 9:34
4 - 0% - 4% - 0:00
PP Forward
1 - 52% - 50% - 6:31
2 - 48% - 50% - 6:01
PP Defense
1 - 59% - 50% - 7:22
2 - 41% - 50% - 5:10
PK Forward
1 - 48% - 50% - 3:47
2 - 52% - 50% - 4:09
PK Defense
1 - 45% - 50% - 3:34
2 - 55% - 50% - 4:22
PK3 Forward
1 - 0% - 50%
2 - 0% - 50%
PK3 Defense
1 - 0% - 50%
2 - 0% - 50%
44 Forward
1 - 52% - 50% - 1:02
2 - 48% - 50% - 0:57
44 Defense
1 - 46% - 50% - 0:55
2 - 54% - 50% - 1:04
Last Minute Offensive  - 0:00
Last Minute Defensive  - 0:53
Total
Forward - 60:00
Defense - 60:00

% Time on Ice - Stars

Lines # - Real PCT - Wanted PCT - Time Play
Normal Forward
1 - 34% - 33% - 12:33
2 - 35% - 32% - 13:09
3 - 25% - 25% - 9:27
4 - 6% - 10% - 2:03
Normal Defense
1 - 35% - 35% - 13:10
2 - 37% - 35% - 13:38
3 - 20% - 22% - 7:25
4 - 8% - 8% - 2:59
PP Forward
1 - 51% - 58% - 4:02
2 - 49% - 42% - 3:54
PP Defense
1 - 55% - 55% - 4:24
2 - 45% - 45% - 3:32
PK Forward
1 - 59% - 55% - 7:23
2 - 41% - 45% - 5:09
PK Defense
1 - 46% - 58% - 5:45
2 - 54% - 42% - 6:47
PK3 Forward
1 - 0% - 56%
2 - 0% - 44%
PK3 Defense
1 - 0% - 60%
2 - 0% - 40%
44 Forward
1 - 64% - 60% - 1:16
2 - 36% - 40% - 0:43
44 Defense
1 - 55% - 60% - 1:05
2 - 45% - 40% - 0:54
Last Minute Offensive  - 0:21
Last Minute Defensive  - 0:00
Total
Forward - 60:00
Defense - 60:00

Play by Play

1st period


0:01 of 1st period - Jason Spezza wins face-off versus Daniel Alfredsson in neutral zone.
0:47 of 1st period - Shot by Eric Staal.
0:47 of 1st period - Shot Misses the Net.
1:29 of 1st period - Shot by Marian Gaborik.
1:29 of 1st period - Shot Blocked by Travis Hamonic.
1:55 of 1st period - Fedor Tyutin is hit by Gabriel Landeskog and loses puck.
2:20 of 1st period - Shot by Pierre-Marc Bouchard.
2:20 of 1st period - Stopped by Semyon Varlamov without a rebound.
2:21 of 1st period - David Backes wins face-off versus Michael Ryder in Stars zone.
2:29 of 1st period - Minor Penalty to David Backes for Hooking.
2:30 of 1st period - Brandon Dubinsky wins face-off versus Mikko Koivu in Stars zone.
3:31 of 1st period - Shot by Dennis Wideman.
3:31 of 1st period - Goal by Dennis Wideman - Wild : 1 - Stars : 0.
3:32 of 1st period - Pierre-Marc Bouchard wins face-off versus Eric Staal in neutral zone.
3:45 of 1st period - Shot by Erik Cole.
3:45 of 1st period - Stopped by Semyon Varlamov without a rebound.
3:46 of 1st period - Jason Spezza wins face-off versus Pierre-Marc Bouchard in Stars zone.
3:51 of 1st period - Shot by Jason Spezza.
3:51 of 1st period - Deflect By Eric Staal.
3:51 of 1st period - Stopped by Josh Harding without a rebound.
3:52 of 1st period - Pierre-Marc Bouchard wins face-off versus Jason Spezza in Wild zone.
3:52 of 1st period - Pierre-Marc Bouchard is hit by Jarome Iginla.
3:58 of 1st period - Brenden Dillon is hit by Pierre-Marc Bouchard and loses puck.
4:05 of 1st period - Alec Martinez is hit by Pierre-Marc Bouchard and loses puck.
4:54 of 1st period - Minor Penalty to David Backes for Diving.
4:55 of 1st period - Brandon Dubinsky wins face-off versus Mikko Koivu in Stars zone.
5:18 of 1st period - Shot by Daniel Alfredsson.
5:18 of 1st period - Shot Blocked by Travis Hamonic.
5:47 of 1st period - Gabriel Landeskog is hit by Michael Stone and loses puck.
5:59 of 1st period - Icing by Daniel Alfredsson.
6:00 of 1st period - Mikko Koivu wins face-off versus Brandon Dubinsky in Wild zone.
6:25 of 1st period - Shot by Olli Maatta.
6:25 of 1st period - Stopped by Semyon Varlamov with a rebound.
6:27 of 1st period - Shot by Adam Hall.
6:27 of 1st period - Shot Misses the Net.
6:29 of 1st period - Shot by Dennis Wideman.
6:29 of 1st period - Goal by Dennis Wideman - Wild : 2 - Stars : 0.
6:30 of 1st period - Evgeni Malkin wins face-off versus Pierre-Marc Bouchard in neutral zone.
7:39 of 1st period - Icing by Olli Maatta.
7:40 of 1st period - Jason Spezza wins face-off versus Milan Michalek in Wild zone.
7:53 of 1st period - Shot by Milan Michalek.
7:53 of 1st period - Stopped by Semyon Varlamov without a rebound.
7:54 of 1st period - David Backes wins face-off versus Mikko Koivu in Stars zone.
8:23 of 1st period - Shot by Daniel Alfredsson.
8:23 of 1st period - Shot Misses the Net.
8:25 of 1st period - Shot by Michael Ryder.
8:25 of 1st period - Shot Hit the Post.
8:27 of 1st period - Shot by Michael Stone.
8:27 of 1st period - Stopped by Semyon Varlamov with a rebound.
8:29 of 1st period - Shot by Mikko Koivu.
8:29 of 1st period - Stopped by Semyon Varlamov without a rebound.
8:30 of 1st period - Pierre-Marc Bouchard wins face-off versus Jason Spezza in Stars zone.
8:32 of 1st period - Minor Penalty to Chris Conner for Interference.
8:33 of 1st period - Jason Spezza wins face-off versus Adam Hall in Wild zone.
9:30 of 1st period - Shot by Zdeno Chara.
9:30 of 1st period - Shot Misses the Net.
9:32 of 1st period - Shot by Zdeno Chara.
9:32 of 1st period - Shot Misses the Net.
10:32 of 1st period - Shot by Shea Weber.
10:32 of 1st period - Shot Misses the Net.
10:34 of 1st period - Shot by Christopher Higgins.
10:34 of 1st period - Shot Misses the Net.
10:36 of 1st period - Shot by Brandon Dubinsky.
10:36 of 1st period - Stopped by Josh Harding without a rebound.
10:37 of 1st period - Mikko Koivu wins face-off versus David Backes in Wild zone.
11:22 of 1st period - Icing by Mikko Koivu.
11:23 of 1st period - Jason Spezza wins face-off versus Mikko Koivu in Wild zone.
11:44 of 1st period - Shot by Jarome Iginla.
11:44 of 1st period - Shot Blocked by Olli Maatta.
12:20 of 1st period - Olli Maatta is hit by Jarome Iginla and loses puck.
12:56 of 1st period - Shot by Tyler Seguin.
12:56 of 1st period - Stopped by Josh Harding without a rebound.
12:57 of 1st period - Pierre-Marc Bouchard wins face-off versus David Backes in Wild zone.
12:57 of 1st period - Pierre-Marc Bouchard is hit by David Backes.
13:03 of 1st period - Shot by David Backes.
13:03 of 1st period - Stopped by Josh Harding with a rebound.
13:36 of 1st period - Minor Penalty to David Backes for Roughing.
13:37 of 1st period - Adam Hall wins face-off versus Eric Staal in Stars zone.
13:44 of 1st period - Shot by Milan Michalek.
13:44 of 1st period - Shot Misses the Net.
13:46 of 1st period - Shot by Michael Ryder.
13:46 of 1st period - Shot Misses the Net.
13:48 of 1st period - Shot by Michael Ryder.
13:48 of 1st period - Stopped by Semyon Varlamov with a rebound.
13:50 of 1st period - Shot by Michael Ryder.
13:50 of 1st period - Stopped by Semyon Varlamov without a rebound.
13:51 of 1st period - Adam Hall wins face-off versus Christopher Higgins in Stars zone.
13:52 of 1st period - Shot by Michael Ryder.
13:52 of 1st period - Shot Misses the Net.
15:27 of 1st period - Shot by Michael Ryder.
15:27 of 1st period - Stopped by Semyon Varlamov without a rebound.
15:28 of 1st period - Brandon Dubinsky wins face-off versus Jesse Winchester in Stars zone.
15:28 of 1st period - Brandon Dubinsky is hit by Jesse Winchester.
15:35 of 1st period - Icing by Fedor Tyutin.
15:36 of 1st period - Evgeni Malkin wins face-off versus Chris Conner in Wild zone.
15:53 of 1st period - Shot by Pierre-Marc Bouchard.
15:53 of 1st period - Shot Blocked by Andy Greene.
15:55 of 1st period - Shot by Chris Conner.
15:55 of 1st period - Stopped by Semyon Varlamov without a rebound.
15:56 of 1st period - David Backes wins face-off versus Mikko Koivu in Stars zone.
16:03 of 1st period - Shot by David Backes.
16:03 of 1st period - Stopped by Josh Harding without a rebound.
16:04 of 1st period - Jason Spezza wins face-off versus Adam Hall in Wild zone.
16:22 of 1st period - Minor Penalty to Dennis Wideman for Tripping.
16:23 of 1st period - Erik Cole wins face-off versus Evgeni Malkin in Wild zone.
17:01 of 1st period - Shot by Evgeni Malkin.
17:01 of 1st period - Stopped by Josh Harding without a rebound.
17:02 of 1st period - Adam Hall wins face-off versus Jason Spezza in Wild zone.
17:15 of 1st period - Shot by Andy Greene.
17:15 of 1st period - Stopped by Josh Harding without a rebound.
17:16 of 1st period - Jesse Winchester wins face-off versus Jason Spezza in Wild zone.
17:16 of 1st period - Jesse Winchester is hit by Jarome Iginla.
17:32 of 1st period - Shot by Jarome Iginla.
17:32 of 1st period - Shot Blocked by Erik Cole.
17:40 of 1st period - Shot by Jarome Iginla.
17:40 of 1st period - Shot Misses the Net.
17:42 of 1st period - Shot by Jason Spezza.
17:42 of 1st period - Shot Misses the Net.
17:44 of 1st period - Shot by Zdeno Chara.
17:44 of 1st period - Stopped by Josh Harding without a rebound.
17:45 of 1st period - Adam Hall wins face-off versus Evgeni Malkin in Wild zone.
18:21 of 1st period - Shot by Shea Weber.
18:21 of 1st period - Stopped by Josh Harding with a rebound.
18:29 of 1st period - Shot by Jarome Iginla.
18:29 of 1st period - Stopped by Josh Harding with a rebound.
18:31 of 1st period - Shot by Jarome Iginla.
18:31 of 1st period - Stopped by Josh Harding without a rebound.
18:32 of 1st period - Mikko Koivu wins face-off versus Jason Spezza in Wild zone.
18:47 of 1st period - Shot by Michael Stone.
18:47 of 1st period - Stopped by Semyon Varlamov with a rebound.
18:49 of 1st period - Shot by Mark Streit.
18:49 of 1st period - Shot Blocked by Zdeno Chara.
19:07 of 1st period - Shot by Jarome Iginla.
19:07 of 1st period - Stopped by Josh Harding without a rebound.
19:08 of 1st period - Adam Hall wins face-off versus Evgeni Malkin in Wild zone.
Goals for this period are 2 for Wild vs 0 for Stars.
Shots for this period are 13 for Wild vs 12 for Stars.

2nd period


0:01 of 2nd period - David Backes wins face-off versus Mikko Koivu in neutral zone.
0:01 of 2nd period - Zdeno Chara is hit by Daniel Alfredsson and loses puck.
0:26 of 2nd period - Shot by Mikko Koivu.
0:26 of 2nd period - Stopped by Semyon Varlamov without a rebound.
0:27 of 2nd period - Adam Hall wins face-off versus Evgeni Malkin in Stars zone.
0:38 of 2nd period - Shot by Tyler Seguin.
0:38 of 2nd period - Stopped by Josh Harding with a rebound.
0:54 of 2nd period - Shot by Andy Greene.
0:54 of 2nd period - Stopped by Josh Harding without a rebound.
0:55 of 2nd period - David Backes wins face-off versus Mikko Koivu in Wild zone.
2:09 of 2nd period - Shot by Marian Gaborik.
2:09 of 2nd period - Stopped by Semyon Varlamov without a rebound.
2:10 of 2nd period - Adam Hall wins face-off versus Tyler Seguin in Stars zone.
2:10 of 2nd period - Dennis Wideman is hit by Alec Martinez.
2:11 of 2nd period - Minor Penalty to Brenden Dillon for Holding Stick.
2:12 of 2nd period - Adam Hall wins face-off versus Eric Staal in Stars zone.
2:15 of 2nd period - Shot by Olli Maatta.
2:15 of 2nd period - Shot Misses the Net.
2:50 of 2nd period - Icing by Olli Maatta.
2:51 of 2nd period - Eric Staal wins face-off versus Adam Hall in Wild zone.
4:22 of 2nd period - Shot by David Backes.
4:22 of 2nd period - Stopped by Josh Harding without a rebound.
4:23 of 2nd period - Pierre-Marc Bouchard wins face-off versus Jason Spezza in Wild zone.
4:46 of 2nd period - Shot by Jason Spezza.
4:46 of 2nd period - Shot Blocked by Chris Conner.
4:48 of 2nd period - Shot by Eric Staal.
4:48 of 2nd period - Shot Blocked by Chris Phillips.
4:50 of 2nd period - Shot by Alec Martinez.
4:50 of 2nd period - Shot Blocked by Fedor Tyutin.
4:52 of 2nd period - Shot by Eric Staal.
4:52 of 2nd period - Shot Misses the Net.
4:54 of 2nd period - Shot by Jason Spezza.
4:54 of 2nd period - Goal by Jason Spezza - Wild : 2 - Stars : 1.
4:55 of 2nd period - Adam Hall wins face-off versus Tyler Seguin in neutral zone.
4:55 of 2nd period - Marian Gaborik is hit by Gabriel Landeskog and loses puck.
6:15 of 2nd period - Mikko Koivu is hit by Zdeno Chara and loses puck.
6:18 of 2nd period - Shot by Mikko Koivu.
6:18 of 2nd period - Stopped by Semyon Varlamov without a rebound.
6:19 of 2nd period - Jason Spezza wins face-off versus Pierre-Marc Bouchard in Stars zone.
6:42 of 2nd period - Shot by Chris Conner.
6:42 of 2nd period - Stopped by Semyon Varlamov without a rebound.
6:43 of 2nd period - David Backes wins face-off versus Mikko Koivu in Stars zone.
6:43 of 2nd period - David Backes is hit by Daniel Alfredsson.
7:01 of 2nd period - Shot by Brandon Dubinsky.
7:01 of 2nd period - Stopped by Josh Harding without a rebound.
7:02 of 2nd period - Evgeni Malkin wins face-off versus Milan Michalek in Wild zone.
7:13 of 2nd period - Andy Greene is hit by Milan Michalek and loses puck.
8:18 of 2nd period - Shot by Zdeno Chara.
8:18 of 2nd period - Shot Blocked by Michael Ryder.
8:20 of 2nd period - Shot by Eric Staal.
8:20 of 2nd period - Shot Misses the Net.
8:24 of 2nd period - Shot by Jason Spezza.
8:24 of 2nd period - Shot Misses the Net.
8:36 of 2nd period - Shot by Zdeno Chara.
8:36 of 2nd period - Stopped by Josh Harding without a rebound.
8:37 of 2nd period - David Backes wins face-off versus Pierre-Marc Bouchard in Wild zone.
8:38 of 2nd period - Shot by Christopher Higgins.
8:38 of 2nd period - Shot Blocked by Chris Conner.
8:51 of 2nd period - Chris Phillips is hit by Brenden Dillon and loses puck.
9:36 of 2nd period - Icing by Chris Phillips.
9:37 of 2nd period - Jason Spezza wins face-off versus Pierre-Marc Bouchard in Wild zone.
9:38 of 2nd period - Shot by Eric Staal.
9:38 of 2nd period - Stopped by Josh Harding without a rebound.
9:38 of 2nd period - Minor Penalty to Fedor Tyutin for Hooking.
9:39 of 2nd period - Jason Spezza wins face-off versus Jesse Winchester in Wild zone.
9:42 of 2nd period - Shot by Zdeno Chara.
9:42 of 2nd period - Shot Misses the Net.
9:44 of 2nd period - Shot by Zdeno Chara.
9:44 of 2nd period - Stopped by Josh Harding without a rebound.
9:45 of 2nd period - Adam Hall wins face-off versus Jason Spezza in Wild zone.
10:25 of 2nd period - Shot by Zdeno Chara.
10:25 of 2nd period - Shot Misses the Net.
10:27 of 2nd period - Shot by Zdeno Chara.
10:27 of 2nd period - Shot Misses the Net.
10:51 of 2nd period - Shot by Alec Martinez.
10:51 of 2nd period - Stopped by Josh Harding without a rebound.
10:52 of 2nd period - Evgeni Malkin wins face-off versus Adam Hall in Wild zone.
11:26 of 2nd period - Evgeni Malkin is hit by Michael Stone and loses puck.
11:29 of 2nd period - Shot by Shea Weber.
11:29 of 2nd period - Shot Blocked by Michael Stone.
11:35 of 2nd period - Shot by Shea Weber.
11:35 of 2nd period - Stopped by Josh Harding without a rebound.
11:36 of 2nd period - Jason Spezza wins face-off versus Adam Hall in Wild zone.
11:45 of 2nd period - Shot by Jarome Iginla.
11:45 of 2nd period - Shot Hit the Post.
11:47 of 2nd period - Shot by Jarome Iginla.
11:47 of 2nd period - Shot Misses the Net.
11:59 of 2nd period - Shot by Jason Spezza.
11:59 of 2nd period - Stopped by Josh Harding without a rebound.
12:00 of 2nd period - Brandon Dubinsky wins face-off versus Marian Gaborik in Wild zone.
12:18 of 2nd period - Chris Phillips is hit by John Erskine and loses puck.
12:37 of 2nd period - Shot by Brandon Dubinsky.
12:37 of 2nd period - Shot Blocked by Fedor Tyutin.
12:39 of 2nd period - Shot by Adam Pardy.
12:39 of 2nd period - Stopped by Josh Harding without a rebound.
12:40 of 2nd period - Mikko Koivu wins face-off versus Gabriel Landeskog in Wild zone.
12:40 of 2nd period - Mikko Koivu is hit by Gabriel Landeskog.
13:08 of 2nd period - Shot by Mikko Koivu.
13:08 of 2nd period - Shot Misses the Net.
13:16 of 2nd period - Shot by Gabriel Landeskog.
13:16 of 2nd period - Shot Misses the Net.
13:18 of 2nd period - Shot by Evgeni Malkin.
13:18 of 2nd period - Shot Misses the Net.
13:24 of 2nd period - Shot by Evgeni Malkin.
13:24 of 2nd period - Stopped by Josh Harding with a rebound.
13:40 of 2nd period - Michael Ryder is hit by Zdeno Chara and loses puck.
13:53 of 2nd period - Shot by Jason Spezza.
13:53 of 2nd period - Goal by Jason Spezza - Wild : 2 - Stars : 2.
13:54 of 2nd period - Adam Hall wins face-off versus David Backes in neutral zone.
14:04 of 2nd period - Shot by Marian Gaborik.
14:04 of 2nd period - Stopped by Semyon Varlamov without a rebound.
14:05 of 2nd period - Milan Michalek wins face-off versus Jason Spezza in Stars zone.
14:14 of 2nd period - Shot by Jarome Iginla.
14:14 of 2nd period - Stopped by Josh Harding with a rebound.
14:16 of 2nd period - Shot by Jason Spezza.
14:16 of 2nd period - Shot Misses the Net.
14:28 of 2nd period - Shot by Eric Staal.
14:28 of 2nd period - Stopped by Josh Harding without a rebound.
14:29 of 2nd period - Pierre-Marc Bouchard wins face-off versus Evgeni Malkin in Wild zone.
14:34 of 2nd period - Evgeni Malkin is hit by Chris Conner and loses puck.
14:46 of 2nd period - Icing by Shea Weber.
14:47 of 2nd period - Evgeni Malkin wins face-off versus Michael Ryder in Stars zone.
15:51 of 2nd period - Shot by Eric Staal.
15:51 of 2nd period - Shot Misses the Net.
15:55 of 2nd period - Shot by Jarome Iginla.
15:55 of 2nd period - Shot Blocked by Dennis Wideman.
15:57 of 2nd period - Shot by Eric Staal.
15:57 of 2nd period - Deflect By Jarome Iginla.
15:57 of 2nd period - Shot Misses the Net.
15:59 of 2nd period - Shot by Eric Staal.
15:59 of 2nd period - Shot Misses the Net.
16:01 of 2nd period - Shot by Travis Hamonic.
16:01 of 2nd period - Deflect By Jason Spezza.
16:01 of 2nd period - Stopped by Josh Harding with a rebound.
16:05 of 2nd period - Shot by Jarome Iginla.
16:05 of 2nd period - Stopped by Josh Harding with a rebound.
16:07 of 2nd period - Shot by Travis Hamonic.
16:07 of 2nd period - Shot Blocked by Olli Maatta.
16:07 of 2nd period - Olli Maatta from Wild is injured at 16:07 of 2nd period (Right Knee).
16:08 of 2nd period - Pierre-Marc Bouchard wins face-off versus David Backes in Wild zone.
16:08 of 2nd period - Pierre-Marc Bouchard is hit by Brandon Dubinsky.
16:14 of 2nd period - Shot by Brandon Dubinsky.
16:14 of 2nd period - Shot Misses the Net.
16:16 of 2nd period - Shot by David Backes.
16:16 of 2nd period - Shot Misses the Net.
16:25 of 2nd period - Minor Penalty to David Backes for Hooking.
16:26 of 2nd period - Adam Hall wins face-off versus Brandon Dubinsky in Stars zone.
16:39 of 2nd period - Shot by Michael Ryder.
16:39 of 2nd period - Stopped by Semyon Varlamov without a rebound.
16:40 of 2nd period - Brandon Dubinsky wins face-off versus Marian Gaborik in Stars zone.
16:55 of 2nd period - Icing by Dennis Wideman.
16:56 of 2nd period - Mikko Koivu wins face-off versus Brandon Dubinsky in Wild zone.
17:15 of 2nd period - Shot by Mikko Koivu.
17:15 of 2nd period - Deflect By Marian Gaborik.
17:15 of 2nd period - Shot Misses the Net.
17:46 of 2nd period - Mark Streit is hit by Zdeno Chara and loses puck.
17:56 of 2nd period - Icing by Mark Streit.
17:57 of 2nd period - Adam Hall wins face-off versus Eric Staal in Wild zone.
18:33 of 2nd period - Icing by Dennis Wideman.
18:34 of 2nd period - Evgeni Malkin wins face-off versus Pierre-Marc Bouchard in Wild zone.
18:37 of 2nd period - Shot by Tyler Seguin.
18:37 of 2nd period - Shot Misses the Net.
18:45 of 2nd period - Shot by Gabriel Landeskog.
18:45 of 2nd period - Stopped by Josh Harding without a rebound.
18:46 of 2nd period - Jason Spezza wins face-off versus Mikko Koivu in Wild zone.
18:47 of 2nd period - Shot by Shea Weber.
18:47 of 2nd period - Stopped by Josh Harding without a rebound.
18:48 of 2nd period - Mikko Koivu wins face-off versus Jason Spezza in Wild zone.
18:48 of 2nd period - Mikko Koivu is hit by Jarome Iginla.
19:25 of 2nd period - Icing by Travis Hamonic.
19:26 of 2nd period - Jason Spezza wins face-off versus Marian Gaborik in Stars zone.
19:26 of 2nd period - Jason Spezza is hit by Milan Michalek.
19:35 of 2nd period - Minor Penalty to Zdeno Chara for Interference.
19:36 of 2nd period - David Backes wins face-off versus Adam Hall in Stars zone.
19:36 of 2nd period - David Backes is hit by Michael Ryder.
19:54 of 2nd period - Shot by Fedor Tyutin.
19:54 of 2nd period - Shot Misses the Net.
19:56 of 2nd period - Shot by Adam Hall.
19:56 of 2nd period - Shot Blocked by Shea Weber.
Goals for this period are 0 for Wild vs 2 for Stars.
Shots for this period are 6 for Wild vs 20 for Stars.

3rd period


0:01 of 3rd period - Mikko Koivu wins face-off versus David Backes in neutral zone.
0:25 of 3rd period - Shot by Daniel Alfredsson.
0:25 of 3rd period - Deflect By Marian Gaborik.
0:25 of 3rd period - Shot Blocked by Andy Greene.
0:27 of 3rd period - Shot by Mikko Koivu.
0:27 of 3rd period - Shot Misses the Net.
0:29 of 3rd period - Shot by Fedor Tyutin.
0:29 of 3rd period - Stopped by Semyon Varlamov without a rebound.
0:30 of 3rd period - Eric Staal wins face-off versus Adam Hall in Stars zone.
2:05 of 3rd period - Shot by Jarome Iginla.
2:05 of 3rd period - Stopped by Josh Harding without a rebound.
2:06 of 3rd period - Mikko Koivu wins face-off versus Evgeni Malkin in Wild zone.
2:06 of 3rd period - Mikko Koivu is hit by Gabriel Landeskog.
2:07 of 3rd period - Minor Penalty to Gabriel Landeskog for Hooking.
2:08 of 3rd period - Mikko Koivu wins face-off versus David Backes in Stars zone.
2:17 of 3rd period - Shot by Marian Gaborik.
2:17 of 3rd period - Stopped by Semyon Varlamov without a rebound.
2:18 of 3rd period - David Backes wins face-off versus Mikko Koivu in Stars zone.
2:31 of 3rd period - Shot by Mikko Koivu.
2:31 of 3rd period - Shot Misses the Net.
2:33 of 3rd period - Shot by Daniel Alfredsson.
2:33 of 3rd period - Shot Misses the Net.
2:47 of 3rd period - Shot by Michael Stone.
2:47 of 3rd period - Stopped by Semyon Varlamov without a rebound.
2:48 of 3rd period - Eric Staal wins face-off versus Adam Hall in Stars zone.
2:48 of 3rd period - Brandon Dubinsky is hit by Milan Michalek and loses puck.
3:08 of 3rd period - Shot by Michael Ryder.
3:08 of 3rd period - Shot Blocked by Zdeno Chara.
3:10 of 3rd period - Shot by Fedor Tyutin.
3:10 of 3rd period - Shot Misses the Net.
3:12 of 3rd period - Shot by Fedor Tyutin.
3:12 of 3rd period - Shot Misses the Net.
3:14 of 3rd period - Shot by Dennis Wideman.
3:14 of 3rd period - Stopped by Semyon Varlamov without a rebound.
3:15 of 3rd period - Mikko Koivu wins face-off versus Eric Staal in Stars zone.
3:57 of 3rd period - Shot by Mark Streit.
3:57 of 3rd period - Deflect By Marian Gaborik.
3:57 of 3rd period - Stopped by Semyon Varlamov without a rebound.
3:58 of 3rd period - David Backes wins face-off versus Adam Hall in Stars zone.
4:29 of 3rd period - Shot by Gabriel Landeskog.
4:29 of 3rd period - Stopped by Josh Harding without a rebound.
4:30 of 3rd period - Jason Spezza wins face-off versus Adam Hall in Wild zone.
4:48 of 3rd period - Shot by Jason Spezza.
4:48 of 3rd period - Shot Misses the Net.
4:57 of 3rd period - Jarome Iginla is hit by Fedor Tyutin and loses puck.
5:08 of 3rd period - Shot by Eric Staal.
5:08 of 3rd period - Stopped by Josh Harding without a rebound.
5:09 of 3rd period - Mikko Koivu wins face-off versus David Backes in Wild zone.
5:53 of 3rd period - Shot by David Backes.
5:53 of 3rd period - Goal by David Backes - Wild : 2 - Stars : 3.
5:54 of 3rd period - Adam Hall wins face-off versus Evgeni Malkin in neutral zone.
6:26 of 3rd period - Shot by Evgeni Malkin.
6:26 of 3rd period - Shot Blocked by Fedor Tyutin.
6:28 of 3rd period - Shot by Zdeno Chara.
6:28 of 3rd period - Shot Misses the Net.
6:30 of 3rd period - Shot by Zdeno Chara.
6:30 of 3rd period - Shot Blocked by Chris Phillips.
6:32 of 3rd period - Shot by Travis Hamonic.
6:32 of 3rd period - Shot Blocked by Fedor Tyutin.
7:04 of 3rd period - Shot by Jason Spezza.
7:04 of 3rd period - Shot Misses the Net.
8:14 of 3rd period - Shot by Mark Streit.
8:14 of 3rd period - Shot Misses the Net.
8:58 of 3rd period - Dennis Wideman is hit by Shea Weber.
9:30 of 3rd period - Gabriel Landeskog is hit by Michael Stone and loses puck.
9:34 of 3rd period - Minor Penalty to Gabriel Landeskog for Tripping.
9:34 of 3rd period - Minor Penalty to Michael Stone for Interference.
9:35 of 3rd period - Evgeni Malkin wins face-off versus Mikko Koivu in Wild zone.
9:50 of 3rd period - Shot by Evgeni Malkin.
9:50 of 3rd period - Shot Blocked by Mark Streit.
9:52 of 3rd period - Shot by Travis Hamonic.
9:52 of 3rd period - Stopped by Josh Harding with a rebound.
9:54 of 3rd period - Shot by Zdeno Chara.
9:54 of 3rd period - Stopped by Josh Harding without a rebound.
9:55 of 3rd period - Pierre-Marc Bouchard wins face-off versus Evgeni Malkin in Wild zone.
10:16 of 3rd period - Shot by Daniel Alfredsson.
10:16 of 3rd period - Goal by Daniel Alfredsson - Wild : 3 - Stars : 3.
10:17 of 3rd period - Mikko Koivu wins face-off versus Evgeni Malkin in neutral zone.
12:02 of 3rd period - Shot by Brandon Dubinsky.
12:02 of 3rd period - Stopped by Josh Harding without a rebound.
12:03 of 3rd period - Pierre-Marc Bouchard wins face-off versus Jason Spezza in Wild zone.
12:05 of 3rd period - Icing by Michael Stone.
12:06 of 3rd period - David Backes wins face-off versus Erik Cole in Wild zone.
13:14 of 3rd period - Milan Michalek is hit by Gabriel Landeskog and loses puck.
13:29 of 3rd period - Shot by Tyler Seguin.
13:29 of 3rd period - Stopped by Josh Harding with a rebound.
13:31 of 3rd period - Shot by Gabriel Landeskog.
13:31 of 3rd period - Stopped by Josh Harding with a rebound.
13:41 of 3rd period - Shot by Tyler Seguin.
13:41 of 3rd period - Shot Misses the Net.
13:57 of 3rd period - Shot by Tyler Seguin.
13:57 of 3rd period - Shot Misses the Net.
14:12 of 3rd period - Icing by Jason Spezza.
14:13 of 3rd period - Jason Spezza wins face-off versus Daniel Alfredsson in Stars zone.
14:22 of 3rd period - Shot by Michael Ryder.
14:22 of 3rd period - Goal by Michael Ryder - Wild : 4 - Stars : 3.
14:23 of 3rd period - Mikko Koivu wins face-off versus Jason Spezza in neutral zone.
14:23 of 3rd period - Mikko Koivu is hit by Eric Staal.
14:33 of 3rd period - Shot by Mikko Koivu.
14:33 of 3rd period - Deflect By Daniel Alfredsson.
14:33 of 3rd period - Goal by Daniel Alfredsson - Wild : 5 - Stars : 3.
14:34 of 3rd period - David Backes wins face-off versus Mikko Koivu in neutral zone.
14:47 of 3rd period - Minor Penalty to Michael Stone for Hooking.
14:48 of 3rd period - Evgeni Malkin wins face-off versus Jesse Winchester in Wild zone.
15:03 of 3rd period - Shot by Andy Greene.
15:03 of 3rd period - Shot Misses the Net.
15:05 of 3rd period - Shot by Andy Greene.
15:05 of 3rd period - Shot Misses the Net.
15:10 of 3rd period - Evgeni Malkin is hit by Chris Phillips and loses puck.
15:21 of 3rd period - Shot by Andy Greene.
15:21 of 3rd period - Stopped by Josh Harding without a rebound.
15:22 of 3rd period - Jason Spezza wins face-off versus Adam Hall in Wild zone.
15:41 of 3rd period - Shot by Shea Weber.
15:41 of 3rd period - Shot Blocked by Fedor Tyutin.
16:02 of 3rd period - Icing by Jason Spezza.
16:03 of 3rd period - Adam Hall wins face-off versus Jason Spezza in Stars zone.
17:10 of 3rd period - David Backes is hit by Michael Stone.
17:14 of 3rd period - Shot by Christopher Higgins.
17:14 of 3rd period - Shot Blocked by Michael Stone.
17:16 of 3rd period - Shot by Christopher Higgins.
17:16 of 3rd period - Stopped by Josh Harding without a rebound.
17:17 of 3rd period - Pierre-Marc Bouchard wins face-off versus Evgeni Malkin in Wild zone.
17:31 of 3rd period - Icing by Michael Stone.
17:32 of 3rd period - Jason Spezza wins face-off versus Pierre-Marc Bouchard in Wild zone.
17:39 of 3rd period - Shot by Jason Spezza.
17:39 of 3rd period - Goal by Jason Spezza - Wild : 5 - Stars : 4.
17:40 of 3rd period - Evgeni Malkin wins face-off versus Adam Hall in neutral zone.
18:07 of 3rd period - Shot by Marian Gaborik.
18:07 of 3rd period - Stopped by Semyon Varlamov without a rebound.
18:08 of 3rd period - David Backes wins face-off versus Mikko Koivu in Stars zone.
18:15 of 3rd period - Stars, Semyon Varlamov is pulled from the net.
18:36 of 3rd period - Travis Hamonic is hit by Daniel Alfredsson and loses puck.
18:44 of 3rd period - Icing by Mikko Koivu.
18:45 of 3rd period - Evgeni Malkin wins face-off versus Mikko Koivu in Wild zone.
19:33 of 3rd period - Shot by Fedor Tyutin.
19:33 of 3rd period - Shot Misses the Net.
19:38 of 3rd period - Off-side.
19:39 of 3rd period - Evgeni Malkin wins face-off versus Adam Hall in neutral zone.
19:47 of 3rd period - Icing by Mark Streit.
19:48 of 3rd period - Evgeni Malkin wins face-off versus Adam Hall in Wild zone.
19:48 of 3rd period - Zdeno Chara is hit by Fedor Tyutin and loses puck.
Goals for this period are 3 for Wild vs 2 for Stars.
Shots for this period are 9 for Wild vs 12 for Stars.


Output by the SimonT Hockey Simulator (STHS) for Stephane Roy -- Original Page W3C XHTML 1.0 Valid
Hockey Simulator - Hockey Simulation - Hockey Manager